 Dungeon Crawl Stone Soup version 0.19.5 (webtiles) character file.

5645 Inarius the Blocker (level 10, -23/86 HPs)
             Began as a Minotaur Fighter on Apr 21, 2017.
             Was a High Priest of Okawaru.
             Annihilated by a komodo dragon (34 damage)
             ... on level 9 of the Dungeon.
             The game lasted 00:35:15 (9346 turns).

Inarius the Blocker (Minotaur Fighter)              Turns: 9346, Time: 00:35:15

Health: -23/86     AC: 15    Str: 24      XL:     10   Next: 46%
Magic:  9/9        EV:  5    Int:  5      God:    Okawaru [*****.]
Gold:   267        SH: 18    Dex: 12 (14) Spells: 0 memorised, 9 levels left

rFire  + . .     SeeInvis .     d - +0 flail (crush)
rCold  . . .     Gourm    .     a - +0 plate armour
rNeg   . . .     Faith    +     j - +0 large shield
rPois  .         Spirit   .     (helmet restricted)
rElec  .         Reflect  .     (no cloak)
rCorr  .         Harm     .     o - +0 pair of gloves
MR     .....                    (no boots)
Stlth  ..........               k - amulet of faith
                                v - +6 ring of dexterity
                                H - ring of protection from fire

@: no status effects
A: retaliatory headbutt, horns 2, blurry vision 1, clumsy 1, deterioration 1
a: Heroism, Finesse, Renounce Religion


You were on level 9 of the Dungeon.
You worshipped Okawaru.
Okawaru was extremely pleased with you.
You were not hungry.

You visited 1 branch of the dungeon, and saw 9 of its levels.
You also visited: Ossuary.

You collected 477 gold pieces.
You spent 210 gold pieces at shops.

Inventory:

Hand Weapons
 d - a +0 flail of crushing (weapon)
 K - a +0 hunting sling
Missiles
 l - 7 javelins of returning (quivered)
 C - 2 tomahawks
 G - 48 sling bullets
Armour
 a - a +0 plate armour (worn)
 j - a +0 large shield (worn)
 o - a +0 pair of gloves (worn)
Jewellery
 k - an amulet of faith (around neck)
 v - a +6 ring of dexterity (right hand)
 y - an uncursed ring of stealth
 F - an uncursed amulet of regeneration
 H - a ring of protection from fire (left hand)
Wands
 e - a wand of slowing (8/48)
 E - a wand of digging (17/24)
Scrolls
 i - 4 scrolls of teleportation
 m - 4 scrolls of amnesia
 n - 5 scrolls of enchant weapon
 p - a scroll of noise
 q - a scroll of recharging
 t - a scroll of vulnerability {unknown}
 z - a scroll of fog
 D - 3 scrolls of remove curse
 I - a scroll of identify
Potions
 g - a potion of resistance
 h - 2 potions of cancellation
 r - 3 potions of might
 u - 3 potions of brilliance
 w - 4 potions of flight
 x - 3 potions of mutation {unknown}
 A - 2 potions of magic
 B - 2 potions of heal wounds
Comestibles
 b - 3 chunks of flesh
 c - 4 meat rations
 f - 13 bread rations


   Skills:
 + Level 7.2 Fighting
   Level 4.3 Long Blades
 + Level 9.7 Maces & Flails
 + Level 0.4(3.3) Slings
 + Level 4.9 Throwing
 + Level 8.3 Armour
 + Level 2.5 Dodging
 + Level 1.0 Stealth
 + Level 10.5 Shields
 + Level 0.6 Invocations


You had 9 spell levels left.
You didn't know any spells.

Dungeon Overview and Level Annotations

Branches:
Dungeon (9/15)             Temple (0/1) D:6            Lair (0/6) D:8
    Orc: D:9-12

Altars:
Cheibriados
Hepliaklqana
Okawaru
Ru
Trog
Uskayaw
Xom
The Shining One

Shops:
D:4 :   D:7 !   D:9 [

Annotations:
D:6 exclusion: oklob plant


Innate Abilities, Weirdness & Mutations

You reflexively headbutt those who attack you in melee.
You have a pair of horns on your head.
Scrolls take you a little longer to read.
You are clumsy. (Dex -2)
Your body sometimes deteriorates upon taking damage.


Message History

The komodo dragon bites you but does no damage.
You hit the komodo dragon.
The komodo dragon is heavily wounded.
You block the komodo dragon's attack.
You closely miss the komodo dragon.
The komodo dragon is heavily wounded.
You block the komodo dragon's attack.
You barely miss the komodo dragon.
The komodo dragon is heavily wounded.
You block the komodo dragon's attack. The komodo dragon bites you!
You hit the komodo dragon.
You headbutt the komodo dragon, but do no damage.
The komodo dragon is heavily wounded.
The komodo dragon barely misses you.
You hit the komodo dragon but do no damage.
The komodo dragon is heavily wounded.
The komodo dragon bites you!
* * * LOW HITPOINT WARNING * * *
The komodo dragon bites you!!
You die...

##....###
##......)#
#.........
#....#....
####...###...
#..(...#y#w_.
#†##...###...
#l##....#....
#@##........)
#(###.......# #.#
##....######## #.#
#######......
#.####........###.
#...........#.#...
##.####.##.#.#.#...
###...#
#.##.#.#.#.<.
#...#.#
#.##.#.#.#...


You could see a komodo dragon (berserk).

Vanquished Creatures
  A cyclops (D:9)
  Joseph (D:8)
  2 two-headed ogres
  A meliai zombie (D:7)
  A wraith (D:9)
  A spriggan (D:8)
  4 yaks (D:9)
  A hungry ghost (D:9)
  Edmund (D:4)
  An ice beast (D:8)
  An orc warrior (D:8)
  4 phantoms
  2 sky beasts
  4 ogres
  3 centaurs
  A crocodile (D:9)
  A big kobold (D:9)
  2 bullfrogs
  2 scorpions
  4 killer bees (D:7)
  A howler monkey (D:9)
  2 crimson imps
  A bullfrog zombie (D:6)
  A gnoll shaman (D:5)
  An orc priest (D:8)
  5 hounds
  2 jellies
  A centaur skeleton (D:8)
  8 orc wizards
  5 iguanas
  Terence (D:2)
  3 worker ants
  A killer bee zombie (D:8)
  A hound zombie (D:7)
  A hound skeleton (D:5)
  13 mummies (Ossuary)
  A howler monkey zombie (D:7)
  5 gnolls (D:5)
  7 adders
  4 shadow imps
  3 oozes
  3 adder skeletons
  A worm (D:3)
  2 dart slugs
  6 leopard geckos
  26 orcs
  3 ball pythons
  7 giant cockroaches
  4 hobgoblins
  6 jackals
  12 kobolds
  4 quokkas
  8 bats
  5 frilled lizards
  4 goblins
  4 goblin skeletons (Ossuary)
  A leopard gecko skeleton (D:4)
  A leopard gecko zombie (D:8)
  4 orc skeletons (Ossuary)
  14 rats
  11 rat skeletons (Ossuary)
231 creatures vanquished.

Notes
Turn   | Place    | Note
-------+----------+-------------------------------------------
     0 | D:1      | Inarius the Minotaur Fighter began the quest for the Orb.
     0 | D:1      | Reached XP level 1. HP: 19/19 MP: 0/0
   103 | D:1      | Reached XP level 2. HP: 20/27 MP: 1/1
   492 | D:1      | Reached XP level 3. HP: 28/33 MP: 2/2
   519 | D:1      | Reached skill level 4 in Shields
  1093 | D:2      | Found a sacrificial altar of Ru.
  1302 | D:2      | Noticed Terence
  1318 | D:2      | Killed Terence
  1318 | D:2      | Reached XP level 4. HP: 25/41 MP: 3/3
  2225 | D:3      | Reached skill level 1 in Dodging
  2225 | D:3      | Reached XP level 5. HP: 47/47 MP: 4/4
  2737 | D:3      | Reached skill level 5 in Shields
  2794 | D:4      | Noticed Edmund
  2873 | D:4      | Killed Edmund
  2873 | D:4      | Reached skill level 1 in Throwing
  2873 | D:4      | Reached XP level 6. HP: 53/53 MP: 5/5
  2888 | D:4      | Found an iron altar of Okawaru.
  2893 | D:4      | Became a worshipper of Warmaster Okawaru
  2908 | D:4      | Found Yrupros's Book Emporium.
  3149 | D:4      | Reached skill level 6 in Shields
  3249 | D:4      | Reached skill level 1 in Maces & Flails
  3249 | D:4      | Reached skill level 5 in Armour
  3315 | D:4      | Reached XP level 7. HP: 60/60 MP: 6/6
  3570 | D:5      | Entered Level 5 of the Dungeon
  3631 | D:5      | Reached * piety under Okawaru
  4204 | D:5      | Reached ** piety under Okawaru
  4316 | D:5      | Found a hazy altar of Hepliaklqana.
  4611 | D:5      | Reached XP level 8. HP: 58/67 MP: 7/7
  4648 | D:6      | Reached skill level 5 in Fighting
  4729 | D:6      | Reached skill level 5 in Maces & Flails
  4729 | D:6      | Reached skill level 7 in Shields
  4866 | D:6      | Found a sand-covered staircase.
  4871 | Ossuary  | Entered an ossuary
  5271 | D:6      | Found a shimmering altar of Xom.
  5274 | D:6      | Noticed an oklob plant
  5461 | D:6      | Found a staircase to the Ecumenical Temple.
  5538 | D:6      | Found a hide-covered altar of Uskayaw.
  5538 | D:6      | Found a faded altar of an unknown god.
  5543 | D:6      | Found a faded altar of an unknown god.
  5545 | D:6      | Found a faded altar of an unknown god.
  5546 | D:6      | Found a faded altar of an unknown god.
  5662 | D:6      | Reached *** piety under Okawaru
  5977 | D:7      | Found Biumius's Distillery.
  5980 | D:7      | Bought a potion of heal wounds for 70 gold pieces
  5980 | D:7      | Bought 2 potions of heal wounds for 140 gold pieces
  5984 | D:7      | Found a snail-covered altar of Cheibriados.
  6593 | D:8      | Noticed a two-headed ogre
  6605 | D:7      | Killed a two-headed ogre
  6605 | D:7      | Reached XP level 9. HP: 51/75 MP: 8/8
  6816 | D:8      | Reached skill level 8 in Shields
  6872 | D:8      | Reached **** piety under Okawaru
  6882 | D:8      | Gained mutation: You are frail. (-10% HP) [mutagenic meat]
  6882 | D:8      | Lost mutation: You are frail. (-10% HP) [potion of cure mutation]
  6884 | D:8      | Gained mutation: Scrolls take you a little longer to read. [mutagenic meat]
  6885 | D:8      | Gained mutation: You are clumsy. (Dex -2) [mutagenic meat]
  6886 | D:8      | Gained mutation: Your body sometimes deteriorates upon taking damage. [mutagenic meat]
  6906 | D:8      | Found a staircase to the Lair.
  7380 | D:8      | Reached skill level 1 in Stealth
  7561 | D:8      | Received a gift from Okawaru
  7676 | D:8      | Reached skill level 9 in Shields
  7711 | D:8      | Noticed Joseph
  7883 | D:8      | Killed Joseph
  8456 | D:8      | Reached ***** piety under Okawaru
  8496 | D:8      | Found a glowing golden altar of the Shining One.
  8622 | D:9      | Reached XP level 10. HP: 80/84 MP: 9/9
  8653 | D:9      | Found Batiut's Antique Armour Shoppe.
  8786 | D:9      | Reached skill level 10 in Shields
  9285 | D:9      | Noticed a moth of wrath
  9287 | D:9      | Noticed a cyclops
  9312 | D:9      | Killed a cyclops
  9327 | D:9      | Found a bloodstained altar of Trog.
  9337 | D:9      | HP: 2/86 [komodo dragon (30)]
  9346 | D:9      | Annihilated by a komodo dragon

Skill      XL: |  1  2  3  4  5  6  7  8  9 10 |
---------------+-------------------------------+-----
Armour         | 4 5 6 7 8 |  8.3
Fighting       | 4 5 6 7 |  7.2
Shields        | 4 5 6 7 9 10 | 10.5
Long Blades    | 3 4 |  4.3
Dodging        | 1 2 |  2.5
Throwing       | 1 2 3 4 |  4.9
Maces & Flails | 1 4 7 8 9 |  9.7
Stealth        | 1 |  1.0
Slings         | |  0.4
Invocations    | |  0.6

Action                   |  1- 3 |  4- 6 |  7- 9 | 10-12 || total
-------------------------+-------+-------+-------+-------++-------
Melee: Long sword        |    83 |    81 |       |       ||   164
       Headbutt          |    18 |    21 |    92 |    27 ||   158
       Flail             |       |    29 |   400 |   130 ||   559
 Fire: Hunting sling     |       |       |     2 |       ||     2
Throw: Tomahawk          |       |    11 |    66 |       ||    77
       Javelin           |       |    14 |     7 |    14 ||    35
Invok: Heroism           |       |       |       |     2 ||     2
  Use: Scroll            |     1 |     2 |    14 |     1 ||    18
       Potion            |       |     5 |     4 |     2 ||    11
  Eat: Chunk             |     1 |     7 |    17 |     6 ||    31
       Beef jerky        |       |       |     2 |       ||     2
       Pizza             |       |       |     1 |     1 ||     2
Armor: Scale mail        |     4 |       |       |       ||     4
       Ring mail         |    29 |    14 |       |       ||    43
       Skin              |       |     8 |       |       ||     8
       Chain mail        |       |    17 |    70 |       ||    87
       Plate armour      |       |       |    59 |    26 ||    85
Dodge: Dodged            |    18 |    10 |    59 |    11 ||    98
Block: Shield            |     5 |       |       |       ||     5
       Large shield      |    54 |   103 |   343 |   103 ||   603
       Rpst.: Long sword |     6 |     1 |       |       ||     7
